 Dungeon Crawl Stone Soup version 0.20.1-1-g8b1a95d (webtiles) character file.

311 letownia2 the Reanimator (level 6, 34/49 HPs)
             Began as a Deep Dwarf Necromancer on Nov 28, 2017.
             Quit the game in the Ecumenical Temple.
             The game lasted 00:06:09 (1709 turns).

letownia2 the Reanimator (Deep Dwarf Necromancer)   Turns: 1709, Time: 00:06:10

Health: 34/49      AC:  2    Str: 12    XL:     6   Next: 18%
Magic:  7/9        EV: 12    Int: 17    God:
Gold:   115        SH:  0    Dex: 13    Spells: 5/9 levels left

rFire    . . .     SeeInvis .   d - +0 dagger
rCold    . . .     Gourm    .   (no shield)
rNeg     . . .     Faith    .   a - +0 robe
rPois    .         Spirit   .   (no helmet)
rElec    .         Reflect  .   (no cloak)
rCorr    .         Harm     .   (no gloves)
MR       .....                  (no boots)
Stlth    +.........             (no amulet)
Regen    0.0/turn               e - ring of loudness (curse)
MPRegen  0.2/turn               (no ring)

@: non-regenerating
A: damage resistance, heal wounds, sense surroundings 1, no regeneration
a: Heal Wounds


You were in the Ecumenical Temple.
You were not hungry.

You visited 2 branches of the dungeon, and saw 5 of its levels.

You collected 115 gold pieces.

Inventory:

Hand Weapons
 d - a +0 dagger (weapon)
Armour
 a - a +0 robe (worn)
Jewellery
 e - a cursed ring of loudness (left hand)
Potions
 f - a potion of agility {unknown}
 g - a potion of brilliance {unknown}
 h - 2 potions of mutation {unknown}
 j - a potion of curing {unknown}
Books
 b - a book of Necromancy

   Spells                             Type                      Level
   a - Pain                           Necromancy                   1
   b - Animate Skeleton               Necromancy                   1
   c - Vampiric Draining              Necromancy                   3
   d - Regeneration                   Charms/Necromancy            3
   e - Animate Dead                   Necromancy                   4
   f - Control Undead                 Necromancy                   4
Comestibles
 c - 2 bread rations


   Skills:
 - Level 2.1 Dodging
 - Level 2.4 Stealth
 - Level 2.0 Spellcasting
 + Level 8.1 Necromancy


You had 5 spell levels left.
You knew the following spells:

 Your Spells              Type           Power        Failure   Level  Hunger
a - Pain                  Necr           ####         1%          1    #......
v - Vampiric Draining     Necr           ####......   1%          3    ###....


Dungeon Overview and Level Annotations

Branches:
Dungeon (4/15)             Temple (1/1) D:4

Altars:
Ashenzari
Dithmenos
Fedhas
Kikubaaqudgha
Makhleb
Nemelex Xobeh
Okawaru
Ru
Sif Muna
Uskayaw
Vehumet
Xom
Zin
The Shining One

Annotations:
D:4 WiZmei's ghost, amateur MiBe


Innate Abilities, Weirdness & Mutations

You are resistant to damage.
You can heal yourself by infusing magical energy.
You passively map a small area around you.
You do not regenerate.


Message History

You climb downwards.
Welcome to the Ecumenical Temple!
Found three altars.
There is a staircase back to the Dungeon here.
Unknown command.
Found two altars.
Found a sacrificial altar of Ru.
Found a deep blue altar of Sif Muna.
There is an ancient bone altar of Kikubaaqudgha here.
Found a radiant altar of Vehumet.
Found a hide-covered altar of Uskayaw.
Found a blossoming altar of Fedhas.
Found a shadowy altar of Dithmenos and a shimmering altar of Xom.
Found a burning altar of Makhleb.
There is a shimmering altar of Xom here.
There is a staircase back to the Dungeon here.
Put on which piece of jewellery? (? for menu, Esc to quit)
Okay, then.
Okay, then.
Okay, then.
Are you sure you want to abandon this character and quit the game? (Confirm with "yes".)

#############
####...........####
###........@........###
##.....................##
##....._...#...#..._.....##
##.........................##
#.........#..._...#.........#
##...........................##
#........_...#...#..._........#
#.............................#
#.._...#...#..._...#...#..._..#


There were no monsters in sight!

Vanquished Creatures
  A howler monkey (D:4)
  A hound (D:4)
  An iguana (D:4)
  5 worker ants (D:4)
  A howler monkey skeleton (D:4)
  5 adders
  An ooze (D:4)
  2 adder skeletons (D:4)
  A leopard gecko (D:4)
  2 ball pythons
  5 bats
  2 giant cockroaches (D:3)
  A goblin (D:1)
  3 hobgoblins
  3 jackals (D:4)
  4 kobolds
  3 frilled lizards
41 creatures vanquished.

Notes
Turn   | Place    | Note
-------+----------+-------------------------------------------
     0 | D:1      | letownia2 the Deep Dwarf Necromancer began the quest for the Orb.
     0 | D:1      | Reached XP level 1. HP: 15/15 MP: 3/3
   123 | D:1      | Reached XP level 2. HP: 22/22 MP: 3/5
   218 | D:2      | Reached skill level 5 in Necromancy
   250 | D:2      | Reached XP level 3. HP: 28/28 MP: 0/6
   263 | D:1      | Learned a level 3 spell: Vampiric Draining
   426 | D:4      | Noticed WiZmei's ghost (amateur MiBe)
   551 | D:4      | Reached skill level 6 in Necromancy
   551 | D:4      | Reached XP level 4. HP: 33/36 MP: 2/7
   838 | D:4      | Reached XP level 5. HP: 34/42 MP: 1/8
   904 | D:4      | Reached skill level 7 in Necromancy
  1501 | D:4      | Found a sparkling altar of Nemelex Xobeh.
  1618 | D:4      | Reached skill level 8 in Necromancy
  1618 | D:4      | Reached XP level 6. HP: 28/49 MP: 1/9
  1631 | D:4      | Found a staircase to the Ecumenical Temple.
  1656 | Temple   | Entered the Ecumenical Temple
  1709 | Temple   | Quit the game

Skill      XL: |  1  2  3  4  5 |
---------------+----------------+-----
Spellcasting   | 2 |  2.0
Necromancy     | 5 6 8 |  8.1
Dodging        | |  2.1
Stealth        | |  2.4

Action                   |  1- 3 |  4- 6 || total
-------------------------+-------+-------++-------
Melee: Dagger            |    33 |    26 ||    59
 Cast: Pain              |    28 |    40 ||    68
       Vampiric Draining |     2 |    17 ||    19
  Eat: Chunk             |       |     6 ||     6
Armor: Robe              |    32 |     9 ||    41
Dodge: Dodged            |    97 |    39 ||   136
